Map: Central Protocol

Players

Hanuman - Winner!

  • Race: Zerg Zerg

A.I. 1 (Medium)

  • Race: Protoss Protoss

VOD

Have the link to the VOD?

Description

Time

  • Played on: Feb. 3, 2016, 1:18 p.m.
  • Length: 7:11
Show
View Real Time Build Order
Export as new Build Order

Hanuman Zerg - Winner!

Build Orders: 3 Hatch before Pool 

Get SALT Encoding   

  12  0:01  Drone  
  13  0:09  Drone  
  14  0:16  Overlord  
  14  0:35  Drone x2  
  16  0:37  Drone  
  17  0:58  Drone  
  18  1:12  Hatchery  
  17  1:20  Hatchery  
  16  1:27  Drone  
  17  1:37  Spawning Pool  
  16  1:40  Drone  
  16  1:44  Drone  
  18  1:55  Drone x2  
  20  2:06  Drone  
  21  2:28  Queen  
  21  2:29  Queen  
  25  2:44  Zergling x2  
  25  2:45  Zergling x12  
  25  2:48  Extractor  
  31  2:51  Extractor  
  30  3:02  Queen  
  32  3:15  Drone  
  32  3:16  Drone  
  32  3:17  Overlord x2  
  34  3:28  Roach Warren  
  33  3:45  Zergling x2  
  33  3:46  Zergling x12  
  40  3:54  Drone x3  
  43  4:17  Roach x3  
  44  4:18  Overlord  
  44  4:19  Overlord  
  48  4:31  Overlord  
  48  4:32  Overlord  
  48  4:36  Metabolic Boost  
  48  4:46  Drone x4  
  52  5:09  Roach x5  
  52  5:10  Roach  
  64  5:21  Roach  
  64  5:22  Roach x2  
  70  5:41  Zergling x2  
  70  5:42  Zergling x16  
  72  5:53  Zergling x2  
  72  6:02  Zergling x2  
  72  6:03  Zergling x14  
  73  6:23  Zergling x12  
  73  6:24  Zergling x4  
Show
View Real Time Build Order
Export as new Build Order

A.I. 1 (Medium) Protoss 

Build Orders:  

Get SALT Encoding   

  12  0:01  Probe (Chrono Boost)  
  13  0:11  Probe (Chrono Boost)  
  14  0:20  Pylon  
  14  0:22  Probe (Chrono Boost)  
  15  0:38  Probe (Chrono Boost)  
  16  0:48  Assimilator  
  16  0:49  Probe (Chrono Boost)  
  17  0:51  Gateway  
  17  0:59  Probe (Chrono Boost)  
  17  1:01  Pylon  
  18  1:30  Gateway  
  18  1:33  Assimilator  
  18  1:39  Cybernetics Core  
  18  1:43  Zealot  
  20  2:07  Pylon  
  20  2:10  Zealot  
  20  2:11  Warp Gate  
  22  2:20  Adept  
  24  2:35  Adept  
  26  2:47  Probe (Chrono Boost), Adept  
  29  2:55  Pylon  
  29  3:00  Probe (Chrono Boost)  
  29  3:01  Adept  
  32  3:12  Stalker, Probe (Chrono Boost)  
  33  3:19  Forge  
  35  3:23  Probe (Chrono Boost)  
  36  3:27  Adept  
  39  3:35  Probe (Chrono Boost)  
  39  3:47  Probe (Chrono Boost)  
  40  5:06  Stalker  
  42  5:09  Probe (Chrono Boost)  
  42  5:11  Photon Cannon  
  42  5:13  Photon Cannon  
  43  5:17  Robotics Facility  
  43  5:20  Sentry  
  43  5:21  Probe (Chrono Boost)  
  45  5:23  Stargate  
  45  5:26  Gateway  
  45  5:31  Pylon  
  45  5:32  Stalker, Probe (Chrono Boost)  
  45  5:35  Twilight Council  
  37  5:44  Probe (Chrono Boost)  
  37  5:45  Zealot  
  28  5:58  Stalker  
  28  6:03  Probe (Chrono Boost)  
  30  6:06  Stalker  
  30  6:16  Nexus  
  28  6:19  Sentry  
  28  6:26  Zealot  
  19  6:45  Adept  
  19  6:46  Probe (Chrono Boost)  
  15  6:56  Probe (Chrono Boost)  
  15  7:00  Pylon  
Tags
 
Add a new tag
Caveats
  • Supply blocks, unpowered buildings, or Contaminate may cause inaccurate times.
  • Supply counts are checked every 10 seconds.